 Dungeon Crawl Stone Soup version 0.27-a0-46-g34d46f0a3f (webtiles) character file.

Game seed: 8926109081127971898

13 Essalna the Gusty (level 2, 10/15 HPs)
             Began as a Tengu Air Elementalist on Jan 6, 2021.
             Got out of the dungeon alive.
             The game lasted 00:01:26 (632 turns).

Essalna the Gusty (Tengu Air Elementalist)           Turns: 632, Time: 00:01:27

Health: 10/15      AC:  2    Str:  8    XL:     2   Next: 37%
Magic:  6/6        EV: 12    Int: 15    God:
Gold:   28         SH:  0    Dex: 14    Spells: 4/5 levels left

rFire    . . .     SeeInvis .   (no weapon)
rCold    . . .     Faith    .   (no shield)
rNeg     . . .     Spirit   .   a - +0 robe
rPois    .         Reflect  .   (helmet restricted)
rElec    .         Harm     .   (no cloak)
rCorr    .         Rampage  .   (no gloves)
Will     .....                  (boots unavailable)
Stlth    ++........             (no amulet)
HPRegen  0.05/turn              (no ring)
MPRegen  0.10/turn              (no ring)

@: no status effects
A: beak, talons 3
a: no special abilities


You escaped.
You visited 1 branch of the dungeon, and saw 1 of its levels.

You collected 28 gold pieces.

Inventory:

Armour
 a - a +0 robe (worn)
Scrolls
 b - a scroll of identify {unknown}
 d - a scroll of remove curse {unknown}
Potions
 c - a potion of mutation {unknown}


   Skills:
 - Level 2.1 Dodging
 - Level 2.0 Stealth
 + Level 2.2 Spellcasting
 + Level 2.1 Conjurations
 + Level 4.3 Air Magic


You had 4 spell levels left.
You knew the following spells:

 Your Spells              Type           Power        Failure   Level
a - Shock                 Conj/Air       44%          6%          1

Your spell library contained the following spells:

 Spells                   Type           Power        Failure   Level
 Swiftness                Air            14%          5%          2
 Static Discharge         Conj/Air       11%          17%         3
 Airstrike                Air            7%           34%         4
 Lightning Bolt           Conj/Air       5%           85%         5


Dungeon Overview and Level Annotations

Branches:
Dungeon (1/15)

Altars:


Innate Abilities, Weirdness & Mutations

You have a beak for a mouth.
You have claws for feet.


Message History

The ooze is severely wounded.
The ooze hits you.
You are too injured to fight recklessly!
You are too injured to fight recklessly!
You are too injured to fight recklessly!
Aiming: Shock (safe; 6% risk of failure)
Press: ? - help, Q - select action Shift-Dir - straight line, f/p - ooze
Aim: an ooze (severely wounded, 3% to evade)
The zap hits the ooze.
You kill the ooze!
Your Conjurations skill increases to level 2!
Aiming: Shock (safe; 6% risk of failure)
Press: ? - help, Q - select action Shift-Dir - straight line, f - you You can't see any hostile targets that would be affected.
That beam is likely to hit you.
Continue anyway?
Okay, then.
Unknown command.
There is a staircase leading out of the dungeon here.
Are you sure you want to leave the Dungeon?
This will make you lose the game!
You have escaped!

#.##........#..............#
.###.#.............#######.#..#
.............#.#.#.#######.#..#
####.#...........#.........#†.###
#.##...##################....(
#.#....#..............# #.....
#......#..............# #..... #
####...#..............# #..... #
#.>.#..##.@.#####.)# #..... #
#.#.#..##...# #..# #..... #
#.#.#.......# #..# #..... #
#.#.#.......# #..# #..##.
#.#.#.......# #..# #...#..###..#
#..#....... #########.#..#
#..#####..#.##.... ..........#..#
#...(.....#.##....
.########.#..###.........#.##....


There were no monsters in sight!

Vanquished Creatures
  An ooze (D:1)
  2 bats (D:1)
  A giant cockroach (D:1)
  2 hobgoblins (D:1)
  A frilled lizard (D:1)
  2 rats (D:1)
9 creatures vanquished.

Notes
Turn   | Place    | Note
-------+----------+-------------------------------------------
     0 | D:1      | Essalna the Tengu Air Elementalist began the quest for the
                  | Orb.
     0 | D:1      | Reached XP level 1. HP: 10/10 MP: 4/4
   243 | D:1      | Reached XP level 2. HP: 12/15 MP: 1/6
   632 | D:$      | Got out of the dungeon alive.

Illustrated notes

Levels and vault maps discovered:
D:1:      dpeg_arrival_boxorama, layout_basic

Skill      XL: |  1  2 |
---------------+-------+-----
Conjurations   | 2 |  2.1
Dodging        | |  2.1
Stealth        | |  2.0
Spellcasting   | |  2.2
Air Magic      | |  4.3

Action                   || total
-------------------------++-------
Melee: Unarmed           ||     8
       Kick              ||     4
       Peck              ||     2
 Cast: Shock             ||    15
Armor: Robe              ||     4
Dodge: Dodged            ||     6

Table legend: (Time is in decaauts)
 A = Elapsed time spent in this place.
 B = Non-inter-level travel time spent in this place.
 C = Inter-level travel time spent in this place.
 D = Time resting spent in this place.
 E = Time spent auto-exploring this place.
 F = Levels seen in this place.
 G = Mean time per level.
                   A        B        C        D        E       F      G
               +--------+--------+--------+--------+--------+-----+--------+
         Total |    632 |    596 |     36 |      0 |    541 |   1 |  632.0 |
       Dungeon |    632 |    596 |     36 |      0 |    541 |   1 |  632.0 |
               +--------+--------+--------+--------+--------+-----+--------+

Top non-repeatable levels by time:
     D:1: 632 daAuts
